Map: Year Zero LE

Players

HateMe

  • Race: Zerg Zerg
  • Spawn Location: 1:00

Clem - Winner!

  • Race: Terran Terran
  • Spawn Location: 11:00

Event: IEM Season 13: Katowice (2019)

VOD

Have the link to the VOD?

Description

Time

  • Played on: Feb. 25, 2019, 5:25 a.m.
  • Length: 13:15

All games in this series

Show
View Real Time Build Order
Export as new Build Order

HateMe Zerg 

Build Orders: Hatch First 

Get SALT Encoding   

  12  0:00  Drone  
  13  0:13  Overlord  
  13  0:18  Drone  
  14  0:32  Drone x2  
  16  0:50  Hatchery  
  16  0:54  Drone  
  16  0:57  Drone  
  16  1:01  Drone  
  18  1:11  Extractor  
  18  1:17  Spawning Pool  
  16  1:20  Drone  
  16  1:23  Drone  
  18  1:29  Drone  
  19  1:39  Drone  
  20  1:51  Overlord  
  20  2:03  Queen  
  20  2:04  Queen, Zergling x4  
  26  2:12  Drone  
  26  2:13  Drone  
  28  2:16  Metabolic Boost  
  28  2:23  Drone  
  28  2:25  Drone  
  30  2:43  Hatchery  
  29  2:49  Drone x2  
  31  2:52  Pneumatized Carapace  
  31  2:57  Drone  
  32  2:59  Overlord  
  32  3:03  Drone  
  32  3:05  Drone  
  34  3:08  Drone  
  34  3:10  Drone  
  36  3:18  Queen  
  38  3:20  Spore Crawler  
  38  3:35  Overlord  
  38  3:37  Drone x4  
  38  3:40  Drone  
  43  3:49  Baneling Nest  
  43  3:50  Queen  
  43  3:54  Queen x2  
  48  4:01  Overlord  
  48  4:09  Zergling x10  
  53  4:16  Drone  
  54  4:18  Zergling x6  
  57  4:25  Overlord  
  57  4:33  Drone x8  
  65  4:41  Lair  
  65  4:42  Drone  
  65  4:43  Drone  
  65  4:44  Drone  
  68  4:49  Drone  
  68  4:51  Drone  
  70  4:53  Queen  
  70  4:55  Overlord  
  70  4:59  Drone x2  
  74  5:02  Overlord  
  74  5:06  Overlord  
  72  5:14  Overlord  
  72  5:15  Drone x2  
  72  5:16  Drone x5  
  72  5:21  Drone  
  80  5:26  Drone  
  80  5:27  Drone x2  
  83  5:32  Extractor x2  
  83  5:33  Extractor x2  
  83  5:35  Extractor  
  78  5:37  Evolution Chamber x2, Drone x3  
  78  5:38  Drone x2  
  78  5:39  Drone x2  
  78  5:41  Centrifical Hooks  
  78  5:42  Overlord  
  83  5:43  Drone  
  83  5:46  Drone  
  83  5:47  Drone  
  83  5:49  Drone  
  87  5:54  Queen  
  87  6:03  Zerg Melee Weapons Level 1  
  86  6:10  Drone x4  
  87  6:35  Zergling x4  
  86  6:41  Zergling x6  
  84  6:51  Zergling x20  
  84  6:53  Zerg Ground Armor Level 1  
  93  7:04  Zergling x14  
  93  7:05  Baneling x2  
  93  7:06  Baneling x4  
  100  7:11  Drone  
  101  7:18  Drone  
  101  7:19  Hydralisk Den, Baneling  
  101  7:20  Zergling x6, Baneling  
  101  7:21  Hatchery  
  103  7:29  Overlord  
  103  7:34  Zergling x12  
  109  7:44  Zergling x8  
  109  7:46  Baneling x6  
  109  7:48  Zergling x10  
  109  7:50  Baneling  
  109  7:51  Baneling x5  
  118  7:54  Muscular Augments, Zergling x2  
  116  8:05  Zergling x10  
  99  8:13  Zerg Melee Weapons Level 2  
  99  8:17  Hydralisk x7  
  113  8:25  Drone  
  113  8:27  Infestation Pit  
  113  8:29  Hydralisk x4  
  113  8:32  Hydralisk  
  123  8:35  Zergling x4  
  120  8:45  Overlord  
  120  8:46  Overlord x2  
  117  8:55  Burrow  
  106  9:02  Zergling x2  
  106  9:03  Zergling x20  
  106  9:05  Grooved Spines  
  106  9:06  Zerg Ground Armor Level 2  
  114  9:11  Zergling x8  
  114  9:16  Zergling x2  
  119  9:19  Zergling x4  
  121  9:24  Hydralisk  
  121  9:25  Hydralisk x2  
  127  9:32  Zergling x6  
  127  9:34  Baneling  
  127  9:35  Hatchery, Zergling x2, Baneling x9  
  127  9:36  Zergling x4  
  132  9:41  Hydralisk x2  
  132  9:45  Zergling x4  
  132  9:46  Zergling x4  
  136  9:53  Zergling x2  
  136  9:54  Zergling x2  
  137  10:00  Overlord x3  
  137  10:03  Baneling x2  
  137  10:06  Hive  
  136  10:10  Zergling x4  
  136  10:13  Zergling x8  
  138  10:18  Zergling x8  
  138  10:20  Baneling x4  
  139  10:21  Zergling x8  
  139  10:27  Baneling  
  139  10:28  Baneling x6  
  143  10:29  Zergling x2  
  131  10:36  Zergling x12  
  131  10:38  Baneling x4  
  131  10:39  Baneling x8  
  135  10:43  Zergling x8  
  133  10:50  Zergling x6  
  133  10:51  Baneling  
  133  10:52  Baneling x10  
  133  10:55  Zergling x6  
  139  10:59  Zergling x8  
  142  11:04  Zergling x2  
  142  11:05  Zergling x4  
  142  11:09  Zergling x6  
  142  11:10  Zergling x2  
  147  11:12  Zergling x4  
  147  11:13  Zergling x2  
  142  11:20  Zergling x4  
  142  11:25  Zergling x10  
  140  11:29  Zergling x4  
  140  11:30  Zergling x2  
  125  11:34  Baneling x10  
  125  11:35  Zergling x10  
  117  11:41  Viper  
  117  11:42  Viper  
  117  11:45  Viper x2  
  125  11:55  Zergling x12  
  131  12:02  Hydralisk x3  
  131  12:04  Overlord  
  131  12:07  Zergling x4  
  139  12:10  Zergling x2  
  139  12:16  Zergling x2  
  139  12:17  Zergling x4  
  127  12:23  Zergling x4  
  118  12:33  Zergling x12  
  116  12:37  Baneling x7  
  116  12:38  Zergling x4  
  109  12:56  Zergling x2  
Show
View Real Time Build Order
Export as new Build Order

Clem Terran - Winner!

Build Orders: Liberator Opening, Reaper Expand 

Get SALT Encoding   

  12  0:00  SCV  
  13  0:12  SCV  
  14  0:17  Supply Depot  
  14  0:24  SCV  
  15  0:39  SCV  
  15  0:40  Barracks  
  16  0:44  Refinery  
  16  0:51  SCV  
  17  1:03  SCV  
  18  1:15  SCV  
  19  1:27  Reaper, Orbital Command  
  20  1:41  Command Center  
  20  1:52  Supply Depot  
  20  1:53  SCV  
  21  1:59  Marine  
  22  2:05  Factory  
  22  2:09  SCV  
  22  2:14  Refinery  
  23  2:21  SCV  
  25  2:28  Barracks Reactor  
  24  2:33  SCV  
  25  2:45  SCV  
  26  2:52  Starport  
  26  2:53  Orbital Command  
  26  2:57  SCV  
  27  3:07  Hellion x2  
  27  3:09  SCV  
  27  3:10  Marine  
  33  3:19  Liberator, SCV  
  34  3:20  Supply Depot  
  34  3:21  SCV  
  35  3:31  SCV  
  35  3:32  Hellion  
  35  3:33  SCV, Hellion  
  44  3:43  SCV  
  44  3:45  SCV  
  44  3:48  Supply Depot  
  45  3:50  Barracks Tech Lab  
  45  3:55  SCV  
  46  3:56  Hellion x2  
  46  3:57  SCV  
  51  4:07  SCV  
  53  4:10  SCV  
  53  4:11  Stimpack, Supply Depot  
  53  4:13  Liberator  
  53  4:15  Marine  
  54  4:20  Command Center  
  54  4:23  SCV  
  54  4:24  SCV  
  56  4:27  Factory Tech Lab  
  59  4:33  Marine  
  59  4:37  Supply Depot  
  60  4:39  SCV x2  
  60  4:42  Barracks  
  62  4:49  Barracks  
  62  4:52  Siege Tank  
  65  4:53  SCV  
  65  4:54  SCV  
  65  4:56  Marine  
  65  4:59  Supply Depot  
  68  5:05  SCV  
  69  5:08  Engineering Bay  
  69  5:09  Engineering Bay  
  69  5:10  SCV  
  70  5:14  Starport Reactor  
  70  5:17  SCV  
  70  5:20  Marine  
  72  5:23  Refinery x2  
  72  5:24  Siege Tank  
  72  5:25  SCV  
  76  5:32  Orbital Command  
  76  5:33  Marine x2  
  76  5:35  Terran Infantry Weapons Level 1  
  78  5:40  Barracks Reactor, Marine  
  78  5:41  SCV x2  
  81  5:50  Supply Depot  
  81  5:51  Marine x2  
  81  5:53  SCV x2  
  85  5:58  Orbital Command  
  85  6:04  Terran Infantry Armor Level 1  
  82  6:05  SCV, Marine  
  82  6:06  Barracks  
  82  6:08  Barracks, Siege Tank  
  87  6:11  SCV  
  87  6:13  Marine x2  
  90  6:19  Medivac  
  90  6:21  Medivac  
  90  6:22  Marine x2  
  90  6:23  SCV, Marine  
  98  6:27  Supply Depot  
  98  6:30  SCV, Marine x2  
  101  6:34  SCV  
  97  6:40  Marine x2  
  97  6:42  Siege Tank  
  97  6:46  Marine  
  101  6:48  SCV  
  101  6:52  Marine x2  
  101  6:53  SCV  
  99  6:55  Barracks Reactor x2  
  99  6:56  Medivac  
  99  6:58  SCV  
  99  7:00  Supply Depot  
  100  7:01  Refinery, Marine  
  100  7:02  Refinery  
  100  7:04  Supply Depot  
  100  7:08  Armory  
  101  7:11  Marine  
  101  7:12  Supply Depot, Marine x2  
  101  7:14  SCV x2  
  106  7:18  Siege Tank  
  106  7:19  SCV  
  110  7:24  Marine x2  
  110  7:25  Factory  
  110  7:26  SCV  
  113  7:30  Marine x3  
  113  7:33  SCV, Supply Depot  
  113  7:36  Medivac  
  113  7:37  Marine x2  
  119  7:38  Marine  
  122  7:45  Supply Depot  
  122  7:51  Marine x2  
  122  7:52  Marine x3  
  122  7:57  Siege Tank  
  130  7:59  Combat Shield  
  130  8:02  SCV  
  120  8:13  Factory Tech Lab  
  120  8:14  Medivac x2, Marine x3  
  120  8:15  Marine x4  
  120  8:19  SCV  
  130  8:20  Marine  
  130  8:21  Marauder  
  130  8:22  Supply Depot  
  130  8:23  Terran Infantry Weapons Level 2  
  130  8:25  Terran Infantry Armor Level 2  
  133  8:27  SCV  
  133  8:33  SCV  
  135  8:36  Command Center  
  135  8:40  Siege Tank  
  135  8:44  Marauder, Marine  
  135  8:47  Marine  
  139  8:49  Marine x2  
  139  8:53  Medivac x2  
  139  8:54  Siege Tank  
  148  8:56  Marine x2  
  148  8:59  Terran Vehicle Weapons Level 1  
  150  9:05  Marauder  
  150  9:07  Supply Depot x2, Marine x2  
  154  9:10  Marine x2  
  154  9:12  Marine x2  
  154  9:13  Siege Tank  
  154  9:14  Marine x2  
  162  9:23  Medivac  
  164  9:28  Medivac, Marine x2  
  168  9:32  Siege Tank, Supply Depot  
  168  9:35  Marauder, Marine x2  
  168  9:36  Sensor Tower, Marine  
  168  9:37  Marine x3  
  170  9:46  Siege Tank, Marine x2  
  175  9:53  Marine x2  
  175  9:54  Marine x2  
  175  9:55  Medivac  
  175  9:57  Marauder  
  182  10:05  Concussive Shells  
  182  10:07  Barracks  
  182  10:08  Barracks x2  
  182  10:12  Siege Tank  
  177  10:16  Medivac  
  177  10:18  Marauder  
  177  10:21  Liberator, Marine  
  179  10:23  Marine x3  
  179  10:25  Marine  
  171  10:35  Siege Tank  
  171  10:37  Marine  
  171  10:39  Marauder  
  171  10:41  Marine  
  174  10:46  Siege Tank  
  174  10:48  Planetary Fortress  
  169  10:52  Marine x3  
  169  10:55  Marine x3  
  175  10:58  Marine  
  175  10:59  Marine x4  
  175  11:04  Marauder  
  181  11:09  Siege Tank  
  181  11:10  Marine  
  181  11:12  Marine  
  181  11:13  Marine x2  
  181  11:15  Marine  
  179  11:20  Marine  
  179  11:21  Marine  
  179  11:25  Marauder  
  160  11:33  Siege Tank  
  160  11:34  Marine x7  
  165  11:46  Marauder  
  162  11:49  SCV x3  
  162  11:52  Marine x2  
  162  11:53  Marine x6  
  173  11:54  Barracks Tech Lab x2  
  173  12:00  Barracks Reactor  
  173  12:02  Liberator  
  173  12:08  Marauder  
  175  12:10  Marine x2  
  175  12:13  Siege Tank  
  180  12:18  Marauder, Marine x3  
  180  12:19  Siege Tank  
  184  12:29  Marauder, Marine  
  186  12:30  Marauder  
  186  12:33  Marine x3  
  187  12:38  Marine  
  187  12:40  Marauder  
  183  12:44  Marine  
  183  12:50  Marauder  
  192  12:51  Marauder  
  192  12:52  Marine x3  
  192  12:53  Marine  
  192  12:56  Marine  

Tags
 
Add a new tag
Caveats
  • Supply blocks, unpowered buildings, or Contaminate may cause inaccurate times.
  • Supply counts are checked every 10 seconds.